 Dungeon Crawl Stone Soup version 0.23-a0-690-g0a1fc62 (webtiles) character file.

60512 ohad the Minotaur Blade (level 14, 0/118 HPs)
             Began as a Minotaur Berserker on Jan 10, 2019.
             Was the Champion of Trog.
             Shot with an arrow by a centaur warrior (14 damage)
             ... on level 15 of the Dungeon on Jan 11, 2019.
             The game lasted 01:01:20 (15666 turns).

ohad the Minotaur Blade (Minotaur Berserker)       Turns: 15666, Time: 01:01:21

Health: 0/118      AC: 16    Str: 31    XL:     14   Next: 57%
Magic:  13/13      EV: 19    Int:  7    God:    Trog [******]
Gold:   945        SH:  0    Dex: 18    Spells: 13/13 levels left

rFire    . . .     SeeInvis +   C - +3 triple sword (slice)
rCold    . . .     Gourm    .   (shield currently unavailable)
rNeg     . . .     Faith    .   K - +3 ring mail of Valiance {rPois Int+3 Dex+5 Stlth-}
rPois    +         Spirit   .   g - +0 hat {SInv}
rElec    .         Reflect  .   s - +0 cloak
rCorr    .         Harm     .   P - +2 pair of gloves
MR       +....                  R - +0 pair of boots
Stlth    ..........             W - amulet of regeneration
HPRegen  0.69/turn              l - +2 ring of strength
MPRegen  0.13/turn              G - +5 ring of strength

@: no status effects
A: retaliatory headbutt, horns 2
a: Berserk, Trog's Hand, Brothers in Arms, Renounce Religion


You were on level 15 of the Dungeon.
You worshipped Trog.
Trog was exalted by your worship.
You were hungry.

You visited 1 branch of the dungeon, and saw 15 of its levels.
You also visited: Ice Cave.

You collected 945 gold pieces.

Inventory:

Hand Weapons
 d - a +1 dagger of venom
 r - a +5 great sword of holy wrath
 C - a +3 triple sword of slicing (weapon)
 S - a +5 dire flail of protection
 U - a +4 antimagic great sword
 X - a +2 antimagic great sword
Missiles
 v - 8 steel javelins (quivered)
 O - 4 steel tomahawks
 T - 5 throwing nets
Armour
 g - a +0 hat of see invisible (worn)
 s - a +0 cloak (worn)
 B - a +0 scale mail of fire resistance
 K - the +3 ring mail of Valiance (worn) {rPois Int+3 Dex+5 Stlth-}
   (You found it on level 6 of the Dungeon)

   It affects your intelligence (+3).
   It affects your dexterity (+5).
   It protects you from poison.
   It makes you less stealthy.
 P - a +2 pair of gloves (worn)
 Q - a +0 chain mail of magic resistance
 R - a +0 pair of boots (worn)
Jewellery
 b - an uncursed ring of see invisible
 h - an uncursed ring of protection from fire
 l - a +2 ring of strength (left hand)
 o - an uncursed ring of protection from cold
 w - an uncursed amulet of faith {unknown}
 y - an uncursed ring of flight
 D - an uncursed ring of ice
 G - a +5 ring of strength (right hand)
 M - a cursed amulet of inaccuracy {unknown}
 W - an amulet of regeneration (around neck)
Wands
 f - a wand of clouds (7)
 E - a wand of paralysis (11)
 I - a wand of acid (5)
 L - a wand of disintegration (10)
 V - a wand of iceblast (7)
Scrolls
 a - 4 scrolls of teleportation
 e - 6 scrolls of magic mapping {unknown}
 i - 4 scrolls of remove curse
 k - 3 scrolls of enchant weapon {unknown}
 m - a scroll of fear {unknown}
 p - 2 scrolls of random uselessness {unknown}
 q - a scroll of blinking {unknown}
 t - a scroll of immolation {unknown}
 u - 5 scrolls of fog {unknown}
 x - 2 scrolls of silence {unknown}
 N - 3 scrolls of brand weapon {unknown}
 Y - 2 scrolls of enchant armour
Potions
 j - 3 potions of might
 n - 2 potions of flight
 z - 12 potions of curing
 F - 2 potions of mutation
 H - a potion of haste
 J - 4 potions of ambrosia
Comestibles
 c - 24 rations
 Z - 6 chunks of flesh


   Skills:
 - Level 9.1 Fighting
 + Level 22.7 Long Blades
 - Level 6.5 Throwing
 - Level 9.0 Armour
 - Level 10.2 Dodging


You had 13 spell levels left.
You didn't know any spells.
Your spell library was empty.

Dungeon Overview and Level Annotations

Branches:
Dungeon (15/15)            Temple (0/1) D:4            Lair (0/6) D:10
    Orc (0/2) D:10         Vaults (0/5) D:13         Depths (0/5) D:15

Altars:
Cheibriados
Fedhas
Hepliaklqana
Qazlal
Sif Muna
Uskayaw
Vehumet
Wu Jian
Xom
Yredelemnul
The Shining One

Shops:
D:9 (   D:12 [   D:15 (

Portals:
Trove: D:11 (give +3 fire dragon scales)


Innate Abilities, Weirdness & Mutations

You reflexively headbutt those who attack you in melee.
You have a pair of horns on your head.


Message History

The centaur warrior shoots an arrow.
The arrow hits you.
* * * LOW HITPOINT WARNING * * *
You see here an arrow.
Unknown command.
Okay, then.
Okay, then.
The centaur warrior shoots an arrow.
The arrow hits you.
* * * LOW HITPOINT WARNING * * *
You see here an arrow.
Unknown command.
You are feeling hungry.
You see here an arrow.
You see here an arrow.
The yaktaur wields a +0 arbalest.
The yaktaur shoots a bolt.
The bolt closely misses you.
There is an open door here.
Unknown command.
The yaktaur shoots a bolt.
The bolt barely misses you.
The centaur warrior shoots an arrow.
The arrow hits you!
You die...

.####...#
##...###?#####....#.#. .# ##..#
#.. #.# ####.#.#. .# #..# #.#
##.# ###.#... .# #..#
#.#####..# #...#.#( ##
########.......## ##..('((.
#........####### ###....##.#
####.######.#### ##...##.#.##
##..............######.cc.#..#.
##.###..........@......#.##..#.
...# #...........######..##..##
#..# #..........## #.###..#
#### #.........)# #.###..# #
#..........# #......#
#..........# #####..#
############ #..# #..# #..#


You could see a centaur warrior.

Vanquished Creatures
  Gastronok (D:10)
  A frost giant (IceCv)
  Louise (D:14)
  An ironheart preserver (D:13)
  A dire elephant (D:15)
  Harold (D:7)
  A catoblepas (D:15)
  3 hydras
  3 centaur warriors
  The ghost of Autsider the Fighter, a novice MiFi of Makhleb (D:8)
  The ghost of Lanoc the Carver, a novice MiMo of the Shining One (D:8)
  A tengu warrior (D:13)
  A death yak (IceCv)
  2 two-headed ogres
  The ghost of Zanta616 the Spear-Bearer, a novice MfSk of Okawaru (D:8)
  The ghost of RexLacerta the Carver, a novice DrBe of Trog (D:8)
  5 skeletal warriors (D:15)
  6 unseen horrors
  A wizard (D:14)
  A wolf spider zombie (D:14)
  A deep elf mage (D:13)
  4 cyclopes
  4 manticores
  A salamander (D:15)
  12 ugly things
  Joseph (D:10)
  A gargoyle (D:15)
  An ice statue (IceCv)
  A guardian serpent (D:12)
  2 centaur zombies (D:13)
  A kobold demonologist (D:9)
  A komodo dragon (shapeshifter) (D:15)
  A freezing wraith (D:13)
  A redback zombie (D:15)
  7 trolls
  17 polar bears (IceCv)
  5 slime creatures
  5 hippogriffs
  2 wraiths
  A vampire (D:14)
  Grum (D:8)
  24 yaks
  2 vampire mosquitoes (D:12)
  3 hungry ghosts
  A soldier ant (D:13)
  2 acid dragons
  Edmund (D:4)
  2 porcupines (D:10)
  2 black bears
  9 orc warriors
  2 sky beasts
  A hornet zombie (D:13)
  8 ice beasts
  4 phantoms
  A necrophage (D:7)
  6 ogres
  15 centaurs
  20 wolves
  2 big kobolds
  A crocodile (D:10)
  16 bullfrogs
  4 wyvern zombies
  A wyvern skeleton (D:8)
  8 scorpions
  A water moccasin skeleton (D:9)
  30 killer bees
  11 wights
  7 howler monkeys
  9 crimson imps
  2 bullfrog zombies
  A quasit (D:9)
  A bullfrog skeleton (D:8)
  4 hounds
  3 jellies
  7 orc priests
  Crazy Yiuf (D:2)
  5 centaur skeletons
  14 orc wizards
  Natasha (thrice) (D:2)
  8 iguanas
  7 worker ants
  A hound zombie (D:8)
  Robin (D:2)
  A worker ant zombie (D:6)
  7 gnolls
  10 adders
  2 shadow imps (D:6)
  2 oozes (D:6)
  3 adder skeletons
  6 worms
  A dart slug (D:1)
  10 leopard geckos
  62 orcs
  4 giant cockroaches
  15 goblins
  16 hobgoblins
  7 jackals
  12 kobolds
  6 quokkas
  4 ball pythons
  12 bats
  10 frilled lizards
  A quokka zombie (D:5)
  8 rats
554 creatures vanquished.

Vanquished Creatures (collateral kills)
  Nessos (D:15)
  A two-headed ogre (D:13)
  Sonja (D:13)
  5 centaurs (D:13)
8 creatures vanquished.

Vanquished Creatures (others)
  An orc wizard (D:5)
  2 fungi (D:10)
3 creatures vanquished.

Grand Total: 565 creatures vanquished

Notes
Turn   | Place    | Note
-------+----------+-------------------------------------------
     0 | D:1      | ohad the Minotaur Berserker began the quest for the Orb.
     0 | D:1      | Reached XP level 1. HP: 19/19 MP: 0/0
    51 | D:1      | Reached skill level 4 in Long Blades
   340 | D:1      | Reached XP level 2. HP: 18/26 MP: 1/1
   548 | D:1      | Reached skill level 5 in Long Blades
   552 | D:1      | Reached ** piety under Trog
   589 | D:1      | Reached XP level 3. HP: 28/31 MP: 2/2
  1142 | D:2      | Found a hide-covered altar of Uskayaw.
  1241 | D:2      | Noticed Robin
  1261 | D:2      | Killed Robin
  1261 | D:2      | Reached skill level 6 in Long Blades
  1261 | D:2      | Reached XP level 4. HP: 8/39 MP: 3/3
  1598 | D:2      | Noticed Natasha
  1863 | D:2      | Killed Natasha
  2097 | D:2      | Found a runed door.
  2101 | D:2      | Noticed Crazy Yiuf
  2107 | D:2      | Killed Crazy Yiuf
  2107 | D:2      | Reached skill level 7 in Long Blades
  2107 | D:2      | Reached XP level 5. HP: 37/45 MP: 4/4
  2184 | D:2      | Noticed Natasha
  2193 | D:2      | Killed Natasha
  2193 | D:2      | Reached *** piety under Trog
  2402 | D:2      | Noticed Natasha
  2407 | D:2      | Killed Natasha
  2614 | D:3      | Reached skill level 8 in Long Blades
  2614 | D:3      | Reached XP level 6. HP: 48/51 MP: 5/5
  2744 | D:3      | Found a glowing golden altar of the Shining One.
  2745 | D:3      | Found a deep blue altar of Sif Muna.
  2850 | D:3      | Upgraded the game from 0.23-a0-681-g26ad783 to
                  | 0.23-a0-690-g0a1fc62
  2954 | D:4      | Reached skill level 9 in Long Blades
  3105 | D:4      | Noticed Edmund
  3121 | D:4      | Killed Edmund
  3121 | D:4      | Reached XP level 7. HP: 55/57 MP: 6/6
  3211 | D:4      | Reached **** piety under Trog
  3294 | D:4      | Reached skill level 10 in Long Blades
  3572 | D:4      | Found a staircase to the Ecumenical Temple.
  3986 | D:5      | Entered Level 5 of the Dungeon
  4028 | D:5      | Found a stormy altar of Qazlal.
  4335 | D:5      | Reached skill level 11 in Long Blades
  4569 | D:5      | Found a snail-covered altar of Cheibriados.
  4716 | D:6      | Reached XP level 8. HP: 63/64 MP: 7/7
  4863 | D:6      | Found a shimmering altar of Xom.
  4905 | D:6      | Reached skill level 12 in Long Blades
  5155 | D:6      | Found a blossoming altar of Fedhas.
  5172 | D:6      | Got an ancient ring mail
  5187 | D:6      | Reached skill level 13 in Long Blades
  5280 | D:6      | Identified the +3 ring mail of Valiance {rPois Int+3 Dex+5
                  | Stlth-} (You found it on level 6 of the Dungeon)
  5616 | D:7      | Received a gift from Trog
  5644 | D:7      | Reached skill level 1 in Throwing
  5645 | D:7      | Noticed a hippogriff
  5692 | D:7      | Killed a hippogriff
  5692 | D:7      | Reached XP level 9. HP: 58/70 MP: 8/8
  5886 | D:7      | Noticed Harold
  5925 | D:7      | Killed Harold
  5978 | D:7      | Found a radiant altar of Vehumet.
  6167 | D:7      | Found a basalt altar of Yredelemnul.
  6176 | D:7      | Found an ornate altar of the Wu Jian Council.
  6213 | D:7      | Reached ***** piety under Trog
  6264 | D:7      | Noticed a four-headed hydra
  6559 | D:7      | Received a gift from Trog
  6702 | D:8      | Reached XP level 10. HP: 75/77 MP: 3/9
  6743 | D:8      | Reached skill level 5 in Dodging
  6750 | D:8      | Noticed Grum
  6763 | D:8      | Killed Grum
  7295 | D:8      | Found a runed gate.
  7295 | D:8      | Found a runed gate.
  7295 | D:8      | Found a runed gate.
  7297 | D:8      | Noticed RexLacerta's ghost (novice DrBe)
  7297 | D:8      | Noticed Lanoc's ghost (novice MiMo)
  7298 | D:8      | Noticed Zanta616's ghost (novice MfSk)
  7300 | D:8      | Noticed Autsider's ghost (novice MiFi)
  7334 | D:8      | Killed Autsider's ghost
  7599 | D:8      | Killed Zanta616's ghost
  7677 | D:8      | Killed Lanoc's ghost
  7677 | D:8      | Reached skill level 10 in Dodging
  7716 | D:8      | Found a deep blue altar of Sif Muna.
  7990 | D:8      | Killed RexLacerta's ghost
  7990 | D:8      | Reached skill level 5 in Fighting
  7990 | D:8      | Reached XP level 11. HP: 88/88 MP: 3/10
  8381 | D:9      | Found Nieval's Antique Weapon Boutique.
  8514 | D:9      | Found a hazy altar of Hepliaklqana.
  8514 | D:9      | Noticed a centaur warrior
  8525 | D:9      | Killed a centaur warrior
  8722 | D:9      | Found a blossoming altar of Fedhas.
  9036 | D:10     | Entered Level 10 of the Dungeon
  9076 | D:10     | Noticed Gastronok
  9098 | D:10     | Killed Gastronok
  9098 | D:10     | Reached skill level 14 in Long Blades
  9276 | D:10     | Reached skill level 15 in Long Blades
  9396 | D:10     | Noticed Joseph
  9416 | D:10     | Killed Joseph
  9502 | D:10     | Found a staircase to the Orcish Mines.
  9546 | D:10     | Noticed an unseen horror
  9549 | D:10     | Killed an unseen horror
  9549 | D:10     | Received a gift from Trog
  9606 | D:10     | Found a staircase to the Lair.
  9926 | D:10     | Reached skill level 16 in Long Blades
 10037 | D:11     | Reached XP level 12. HP: 103/103 MP: 3/11
 10260 | D:11     | Found a portal to a secret trove of treasure.
 10817 | D:12     | Noticed a two-headed ogre
 10942 | D:12     | Killed a two-headed ogre
 10979 | D:12     | Reached skill level 5 in Throwing
 11387 | D:12     | Found a frozen archway.
 11395 | IceCv    | Entered an ice cave
 11549 | IceCv    | Received a gift from Trog
 11600 | IceCv    | Reached skill level 17 in Long Blades
 11620 | IceCv    | Reached ****** piety under Trog
 11791 | IceCv    | Reached skill level 18 in Long Blades
 11843 | IceCv    | Noticed a frost giant
 11843 | IceCv    | Noticed a death yak
 11854 | IceCv    | Killed a frost giant
 11854 | IceCv    | Reached XP level 13. HP: 51/111 MP: 12/12
 12222 | D:12     | Found Ecsihaat's Antique Armour Shoppe.
 12473 | D:13     | Found a gate to the Vaults.
 12473 | D:13     | Noticed an ironheart preserver
 12480 | D:13     | Reached skill level 19 in Long Blades
 12491 | D:13     | Killed an ironheart preserver
 12686 | D:13     | Received a gift from Trog
 12909 | D:13     | Noticed Sonja
 12924 | D:13     | Killed Sonja
 12936 | D:13     | Reached skill level 20 in Long Blades
 13893 | D:14     | Found a blossoming altar of Fedhas.
 14023 | D:14     | Noticed Louise
 14032 | D:14     | Reached skill level 21 in Long Blades
 14041 | D:14     | Killed Louise
 14245 | D:14     | Reached XP level 14. HP: 95/118 MP: 13/13
 14320 | D:14     | Received a gift from Trog
 14703 | D:15     | Entered Level 15 of the Dungeon
 14723 | D:15     | Found a staircase to the Depths.
 14773 | D:15     | Noticed Nessos
 14782 | D:15     | Killed Nessos
 15013 | D:15     | Found Ecwirano's Antique Weapon Shoppe.
 15038 | D:15     | Reached skill level 22 in Long Blades
 15650 | D:15     | HP: 3/118 [centaur warrior/arrow (6)]
 15666 | D:15     | Shot with an arrow by a centaur warrior

Vault maps used:
D:1:      dpeg_arrival_round_c, st_stairs_4
D:2:      nicolae_overflow_crystal_walls, first_ration, uniq_crazy_yiuf_cottage,
          uniq_robin, uniq_natasha
D:3:      minmay_diamond_boxcup, nicolae_overflow_hidden_temple
D:4:      temple_fountains, uniq_edmund
D:5:      overflow_temple_1_default, minivault_25, grunt_qazlal_sundering
D:6:      old_standard_altar, basic_altar
D:7:      kennysheep_mini_moat, vehumet_crystals, lemuel_crystal_altar,
          grunt_ogre_cave, uniq_harold
D:8:      minmay_evil_eye, gammafunk_ghost_cemetery, kennysheep_donut,
          led_sif_book, uniq_grum
D:9:      serial_shops, nicolae_shop_trees, hangedman_feature_mirror
D:10:     due_lair_maze_entry_diamond, hiddenorc1_lemuel, uniq_joseph,
          uniq_gastronok
D:11:     enter_trove_0
D:12:     serial_shops, nicolae_shop_behind_doors,
          portal_ice_cave_entry_pillars_1, grunt_ministairs_12,
          nrook_guardian_serpent_double
D:13:     skrybe_vaults_entry_preservation, uniq_sonja
D:14:     nrook_uturn, fedhas_altar_2, uniq_louise
D:15:     hangedman_depths_entry_try_elsewhere_first, serial_shops,
          nicolae_shop_crystal, minmay_the_grid_2x2, uniq_nessos
IceCv:    ice_cave_caverns_01

Skill      XL: |  1  2  3  4  5  6  7  8  9 10 11 12 13 14 |
---------------+-------------------------------------------+-----
Long Blades    | 4 5 6 7 8 9 11 13 16 18 21 22 | 22.7
Throwing       | 3 6 |  6.5
Armour         | 9 |  9.0
Dodging        | 4 10 | 10.2
Fighting       | 5 8 9 |  9.1

Action                   |  1- 3 |  4- 6 |  7- 9 | 10-12 | 13-15 || total
-------------------------+-------+-------+-------+-------+-------++-------
Melee: Dagger            |    83 |   155 |   345 |       |       ||   583
       Headbutt          |    12 |    33 |   110 |   141 |   118 ||   414
       Falchion          |     2 |       |    23 |       |       ||    25
       Great sword       |       |       |     6 |   361 |       ||   367
       Long sword        |       |       |     6 |       |       ||     6
       Triple sword      |       |       |       |    87 |   330 ||   417
Throw: Tomahawk          |       |       |     2 |    17 |     1 ||    20
       Javelin           |       |       |       |       |    13 ||    13
Invok: Berserk           |       |       |     1 |     5 |     1 ||     7
       Brothers in Arms  |       |       |       |       |     2 ||     2
  Use: Scroll            |       |       |     8 |     8 |     4 ||    20
       Potion            |       |       |       |       |     4 ||     4
  Eat: Chunk             |       |     7 |    11 |    15 |    12 ||    45
       Ration            |       |       |     1 |     2 |     1 ||     4
Armor: Animal skin       |     2 |       |       |       |       ||     2
       Leather armour    |    17 |    10 |       |       |       ||    27
       Scale mail        |       |    41 |    63 |       |       ||   104
       Ring mail         |       |       |    40 |   145 |   129 ||   314
Dodge: Dodged            |    43 |    74 |   132 |   399 |   295 ||   943
       Rpst.: Great sword |       |       |     4 |    80 |       ||    84
       Long sword        |       |       |     2 |       |       ||     2
       Triple sword      |       |       |       |    20 |    57 ||    77

Table legend:
 A = Non-vault XP
 B = Vault XP
 C = Vault XP percentage of total XP
 D = Non-vault monster count
 E = Vault monster count
 F = Vault count percentage of total count
                 A         B        C        D         E       F
            +---------+---------+-------+---------+---------+-------
      Total |   49505 |   36941 |  42.7 |     410 |     153 |  27.2
            +---------+---------+-------+---------+---------+-------
        D:1 |      42 |       9 |  17.6 |      26 |       4 |  13.3
        D:2 |     129 |     111 |  46.2 |      23 |      13 |  36.1
        D:3 |     178 |      21 |  10.6 |      16 |       9 |  36.0
        D:4 |     268 |     158 |  37.1 |      18 |       1 |   5.3
        D:5 |     501 |       0 |   0.0 |      23 |       0 |   0.0
        D:6 |     964 |       0 |   0.0 |      28 |       0 |   0.0
        D:7 |    1784 |    1145 |  39.1 |      35 |       2 |   5.4
        D:8 |    1479 |    4318 |  74.5 |      30 |      14 |  31.8
        D:9 |    2164 |    1306 |  37.6 |      32 |       2 |   5.9
       D:10 |    3352 |    3698 |  52.5 |      28 |      28 |  50.0
       D:11 |    3721 |       0 |   0.0 |      27 |       0 |   0.0
       D:12 |    1976 |     421 |  17.6 |       8 |       1 |  11.1
       D:13 |   11285 |    4110 |  26.7 |      56 |      10 |  15.2
       D:14 |   10435 |    1562 |  13.0 |      36 |       1 |   2.7
       D:15 |   11227 |    6168 |  35.5 |      24 |      12 |  33.3
      IceCv |       0 |   13914 | 100.0 |       0 |      56 | 100.0
            +---------+---------+-------+---------+---------+-------
